 Dungeon Crawl Stone Soup version 0.29.1-2-gbd0b4ee654 (webtiles) character file.

Game seed: 13774310296226062774

347 GorkyZ the Trooper (level 6, -4/54 (56) HPs)
             Began as a Formicid Fighter on Nov 19, 2022.
             Slain by a gnoll bouda
             ... wielding a +0 whip
              (6 damage)
             ... on level 4 of the Dungeon.
             The game lasted 00:09:39 (3438 turns).

GorkyZ the Trooper (Formicid Fighter)               Turns: 3438, Time: 00:09:40

HP:   -4/54 (56)    AC:  9    Str: 23      XL:     6   Next: 90%
MP:   6/6           EV: 11    Int:  7      God:
Gold: 80            SH:  5    Dex: 12 (13) Spells: 5/5 levels left

rFire   . . .      SeeInvis +   a - +0 trident
rCold   . . .      Faith    .   c - +0 buckler
rNeg    + . .      Spirit   .   s - +0 chain mail
rPois   .          Reflect  .   (helmet unavailable)
rElec   .          Harm     .   (no cloak)
rCorr   .          Rampage  .   (no gloves)
Will    .....                   (no boots)
Stlth   ..........              (no amulet)
HPRegen 0.18/turn               e - ring of positive energy
MPRegen 0.10/turn               q - +4 ring of evasion

@: lightly drained
A: permanent stasis, dig shafts and tunnels, antennae 3, four strong arms
a: Dig, Shaft Self


You were on level 4 of the Dungeon.
You visited 1 branch of the dungeon, and saw 4 of its levels.

You collected 80 gold pieces.

Inventory:

Hand Weapons
 a - a +0 trident (weapon)
Missiles
 f - 11 javelins
 l - 8 poisoned darts
 t - 6 boomerangs
Armour
 b - a +0 scale mail
 c - a +0 buckler (worn)
 s - a +0 chain mail (worn)
Jewellery
 e - a ring of positive energy (left hand)
 q - a +4 ring of evasion (right hand)
Scrolls
 k - a scroll of teleportation
Potions
 d - a potion of might
 g - a potion of brilliance {unknown}
 i - a potion of curing
 n - a potion of heal wounds
 p - a potion of lignification
 r - 2 potions of degeneration


   Skills:
 + Level 7.9 Fighting
 - Level 2.0 Polearms
 - Level 3.2 Armour
 - Level 4.0 Shields


You had 5 spell levels left.
You didn't know any spells.
Your spell library contained the following spells:

 Spells                   Type           Power      Damage    Failure   Level
 Static Discharge         Conj/Air       0%         3-3/arc   100%        2
 Lightning Bolt           Conj/Air       0%         1d11      100%        5
 Maxwell's Capacitive Co  Air            0%         ∞         100%        8


Dungeon Overview and Level Annotations

Branches:
Dungeon (4/15)
 Temple: D:4-7

Altars:
Elyvilon
Yredelemnul


Innate Abilities, Weirdness & Mutations

You cannot be hasted, slowed, berserked, paralysed or teleported.
You can dig through walls and to a lower floor.
You have a pair of large antennae on your head. (SInv)
Your four strong arms can wield two-handed weapons with a shield.


Message History

The gnoll is almost dead.
The gnoll hits you with a +0 club. The gnoll barely misses you.
The gnoll hits you but does no damage.
You hit the gnoll.
You kill the gnoll!
The gnoll hits you with a +0 club. The gnoll closely misses you.
You block the gnoll's attack. The gnoll barely misses you.
Your attacks no longer feel as feeble.
The gnoll hits you from afar with a +0 spear.
The gnoll barely misses you.
You see here a +0 whip.
The gnoll is no longer moving quickly.
The gnoll bouda hits you with a +0 whip!
The gnoll hits you from afar with a +0 spear.
The gnoll barely misses you. The gnoll hits you but does no damage.
The gnoll attacks as you move away! The gnoll hits you with a +0 spear.
The gnoll bouda barks out a call to the hunt!
The gnoll picks up the pace!
The gnoll hits you with a +0 club.
* * * LOW HITPOINT WARNING * * *
You puncture the gnoll!
The gnoll is severely wounded.
The gnoll hits you but does no damage. The gnoll barely misses you.
You puncture the gnoll bouda!
The gnoll bouda is moderately wounded.
The gnoll hits you with a +0 club.
* * * LOW HITPOINT WARNING * * *
The gnoll hits you from afar with a +0 spear.
* * * LOW HITPOINT WARNING * * *
The gnoll bouda closely misses you.
You feel better.
The gnoll is no longer moving quickly.
The gnoll closely misses you.
The gnoll hits you from afar with a +0 spear.
* * * LOW HITPOINT WARNING * * *
The gnoll bouda hits you with a +0 whip!
* * * LOW HITPOINT WARNING * * *
Are you sure you want to shaft yourself?
The gnoll hits you but does no damage. The gnoll barely misses you.
The gnoll bouda hits you with a +0 whip.
You die...

### .. #. .# #
###.# ### #. #@g.#
..#####. ##g##
.....#..# #{g#
#........#######..#
.##..##...#.......#
.#..## #......#..#
....# #..######..#
...######..# #..#
...........# #...#


You could see a gnoll bouda and 2 gnolls.

Vanquished Creatures
  A phantom (D:4)
  A necrophage (D:4)
  An orc priest (D:3)
  A hound (D:4)
  Natasha (D:4)
  A gnoll (D:4)
  4 adders
  A worm (D:3)
  A dart slug (D:1)
  8 orcs (D:3)
  2 endoplasms
  3 giant cockroaches (D:3)
  10 hobgoblins
  3 jackals (D:1)
  2 quokkas
  5 ball pythons
  6 bats
  4 frilled lizards
  4 goblins
  6 kobolds
  6 rats
71 creatures vanquished.

Notes
Turn   | Place    | Note
-------+----------+-------------------------------------------
     0 | D:1      | GorkyZ the Formicid Fighter began the quest for the Orb.
     0 | D:1      | Reached XP level 1. HP: 18/18 MP: 1/1
   133 | D:1      | Reached XP level 2. HP: 25/25 MP: 2/2
   220 | D:1      | Found a faded altar of an unknown god.
   273 | D:1      | Reached skill level 4 in Fighting
   816 | D:2      | Reached XP level 3. HP: 31/31 MP: 3/3
   933 | D:2      | Reached skill level 5 in Fighting
   978 | D:2      | Reached XP level 4. HP: 29/39 MP: 4/4
  1157 | D:2      | You fall into a shaft and drop 2 floors!
  1734 | D:3      | Found a basalt altar of Yredelemnul.
  1984 | D:3      | Reached XP level 5. HP: 32/46 MP: 5/5
  2133 | D:3      | Found a white marble altar of Elyvilon.
  2751 | D:4      | Reached skill level 6 in Fighting
  2946 | D:4      | Noticed a phantom
  2961 | D:4      | Killed a phantom
  2962 | D:4      | Reached skill level 7 in Fighting
  2962 | D:4      | Reached XP level 6. HP: 44/55 MP: 6/6
  3058 | D:4      | Noticed Natasha
  3064 | D:4      | Killed Natasha
  3437 | D:4      | HP: 2/54 [gnoll bouda/+0 whip (10)]
  3438 | D:4      | Slain by a gnoll bouda

Illustrated notes

Levels and vault maps discovered:
D:1:      dpeg_arrival_lava_altar, layout_loops_ring,
          shapermc_ecumenical_altar_ellora, minmay_tiny_reverse_x
D:2:      layout_basic, roderic_malta_cross
D:3:      layout_loops_ring, elyvilon_altar_3, overflow_temple_1_default
D:4:      layout_layer_cave, mainiacjoe_overflow_surrounded_room,
          chequers_ossuary_entry_cave, uniq_natasha

Skill      XL: |  1  2  3  4  5 |
---------------+----------------+-----
Fighting       | 4 5 7 |  7.9
Polearms       | |  2.0
Armour         | |  3.2
Shields        | |  4.0

Action                   |  1- 3 |  4- 6 || total
-------------------------+-------+-------++-------
Melee: Trident           |    79 |   156 ||   235
 Abil: Dig               |       |     5 ||     5
       Shaft Self        |       |     1 ||     1
  Use: Potion            |       |     5 ||     5
       Scroll            |       |     4 ||     4
Armor: Scale mail        |    30 |     7 ||    37
       Chain mail        |       |    57 ||    57
Dodge: Dodged            |    17 |    85 ||   102
Block: Buckler           |    13 |    46 ||    59
